 Dungeon Crawl Stone Soup version 0.29-a0-284-gf9362112df (webtiles) character file.

Game seed: 2879640066540490238

70 surf the Chopper (level 4, 0/41 HPs)
             Began as a Hill Orc Monk on Mar 17, 2022.
             Was a Believer of Beogh.
             Slain by Sigmund
             ... wielding a +0 scythe
              (10 damage)
             ... on level 3 of the Dungeon.
             The game lasted 00:08:46 (3217 turns).

surf the Chopper (Hill Orc Monk)                    Turns: 3217, Time: 00:08:47

Health: 0/41       AC:  0    Str: 15    XL:     4   Next: 22%
Magic:  4/4        EV: 15    Int: 10    God:    Beogh [**....]
Gold:   129        SH:  5    Dex: 13    Spells: 3/3 levels left

rFire   . . .      SeeInvis .   (weapon currently unavailable)
rCold   . . .      Faith    .   (shield currently unavailable)
rNeg    . . .      Spirit   .   (body armour currently unavailable)
rPois   .          Reflect  +   (helmet currently unavailable)
rElec   .          Harm     .   (cloak currently unavailable)
rCorr   .          Rampage  .   (gloves currently unavailable)
Will    .....                   (boots currently unavailable)
Stlth   ++........              k - amulet of reflection
HPRegen 0.13/turn               (ring currently unavailable)
MPRegen 0.09/turn               (ring currently unavailable)

@: pig-form (expiring), very quick
A: fast, no casting, small
a: Renounce Religion, Smiting


You were on level 3 of the Dungeon.
You worshipped Beogh.
Beogh was pleased with you.
You were a filthy swine.
You visited 1 branch of the dungeon, and saw 3 of its levels.

You collected 129 gold pieces.

Inventory:

Hand Weapons
 a - a +0 hand axe (melded)
 n - a +1 vorpal trident
Armour
 b - a +0 robe
 c - a +0 chain mail (melded)
 j - a +0 scale mail
 m - a +0 robe
Jewellery
 g - a ring of fire
 k - an amulet of reflection (around neck)
Wands
 l - a wand of polymorph (8)
Scrolls
 h - a scroll of fear {unknown}
 i - 3 scrolls of identify {unknown}
 o - a scroll of acquirement {unknown}
 p - a scroll of fog {unknown}
 r - a scroll of blinking {unknown}
Potions
 d - a potion of curing {unknown}
 f - a potion of degeneration {unknown}
 q - a potion of haste
 s - a potion of attraction {unknown}


   Skills:
 + Level 4.3 Fighting
 + Level 4.9 Axes
 + Level 0.8 Armour
 + Level 2.9 Dodging
 + Level 1.9 Stealth
 + Level 0.1 Shields


You had 3 spell levels left.
You didn't know any spells.
Your spell library contained the following spells:

 Spells                   Type           Power      Damage    Failure   Level
 Animate Skeleton         Necr           0%         N/A       36%         1
 Pain                     Necr           0%         1d4       36%         1
 Vampiric Draining        Necr           0%         2d6       75%         3


Dungeon Overview and Level Annotations

Branches:
Dungeon (3/15)

Altars:
Kikubaaqudgha

Annotations:
D:3 Sigmund


Message History

You are confused.
You are too confused!
You're too confused to move!
Sigmund drinks a potion.
Sigmund seems to speed up.
Sigmund gestures wildly while chanting.
Sigmund flickers and vanishes!
Deactivating autopickup; reactivate with Ctrl-A.
You are too confused!
You feel less confused.
A puff of flame appears from out of thin air!
The puff of flame misses you. Something hits you but does no damage.
Something hits you but does no damage.
You hear a zap.
You turn into a filthy swine.
Your +0 hand axe melds into your body.
Your +0 chain mail melds into your body.
Something tries to affect you, but you resist.
Something tries to affect you, but you resist.
You swap places.
A puff of flame appears from out of thin air!
The puff of flame hits the orc priest!
Something closely misses the orc priest.
A puff of flame appears from out of thin air!
The puff of flame hits the orc priest!
The orc priest dies!
Sigmund appears from thin air!
Reactivating autopickup.
Sigmund gestures at you while chanting. The puff of flame hits you!
Your transformation is almost over.
You block Sigmund's attack. Sigmund hits you with a +0 scythe!
You barely miss Sigmund. Sigmund hits you with a +0 scythe!
* * * LOW HITPOINT WARNING * * *
As you read the scroll labelled KORAF NUIPASCHUV, it crumbles to dust.
The creatures around you are filled with an inner flame!
It was a scroll of immolation.
Sigmund screams, "Don't try to resist!"
Sigmund hits you with a +0 scythe!
You die...

#....#...........#
#.#
#..(.#.....####.##
#.# ######.....#
#.# #.# #####.# #.#
#.# #.# #.# #[# #.#
#.# #.# ###
#.####'#####.###..
#@##.........##..#
#h##...(.######.##
#.##)....# #.##
#.##.....# #.#.
#.##.##### #.#.
#.##.# #.#. #.##.#
#######.#. ###
####.####.....#.#.
#<#
#☼...§##.###.#.#.
#.#
###.....##.###.#.#.


You could see Sigmund (fast, inner flame).

Vanquished Creatures
  2 adders (D:2)
  A dart slug (D:2)
  6 ball pythons
  3 endoplasms
  2 giant cockroaches
  6 goblins
  5 hobgoblins
  4 jackals (D:2)
  7 kobolds
  2 quokkas
  3 bats
  2 frilled lizards
  2 rats (D:2)
45 creatures vanquished.

Vanquished Creatures (others)
  2 orc priests (D:3)
  2 orcs (D:3)
  3 endoplasms (D:3)
  A hobgoblin (D:3)
  5 plants (D:2)
13 creatures vanquished.

Grand Total: 58 creatures vanquished

Notes
Turn   | Place    | Note
-------+----------+-------------------------------------------
     0 | D:1      | surf the Hill Orc Monk began the quest for the Orb.
     0 | D:1      | Reached XP level 1. HP: 19/19 MP: 1/1
   182 | D:1      | Reached XP level 2. HP: 22/27 MP: 2/2
   665 | D:2      | Reached XP level 3. HP: 12/33 MP: 3/3
  1262 | D:2      | Found a faded altar of an unknown god.
  2261 | D:2      | Reached XP level 4. HP: 39/40 MP: 4/4
  2496 | D:3      | Became a worshipper of Beogh the Brigand
  2496 | D:3      | Reached * piety under Beogh
  2496 | D:3      | Reached ** piety under Beogh
  2915 | D:3      | Found an ancient bone altar of Kikubaaqudgha.
  3186 | D:3      | Noticed Sigmund
  3217 | D:3      | Slain by Sigmund

Illustrated notes

Levels and vault maps discovered:
D:1:      minmay_arrival_semitransparent, layout_rooms
D:2:      layout_loops_ring, chequers_ecumenical_altar_lobes,
          serial_co_window_serial, co_window_of_opportunity_a,
          co_window_paths_b, co_window_of_opportunity_a, co_window_paths_b,
          co_window_paths_a, co_window_corner_b, co_window_cross_3,
          co_window_corner_b, co_window_of_opportunity_b, co_window_broadway_c,
          co_window_paths_e, glass_columns_c, minmay_crystal_water
D:3:      cheibrodos_pilgrimage, layout_basic,
          nicolae_kikubaaqudgha_miasma_corner, uniq_sigmund

Skill      XL: |  1  2 |
---------------+-------+-----
Fighting       | 4 |  4.3
Axes           | |  4.9
Armour         | |  0.8
Dodging        | |  2.9
Stealth        | |  1.9
Shields        | |  0.1

Action                   |  1- 3 |  4- 6 || total
-------------------------+-------+-------++-------
Melee: Hand axe          |    98 |    35 ||   133
       Punch             |     1 |     2 ||     3
       Unarmed           |       |     1 ||     1
Invok: Convert to Beogh  |       |     1 ||     1
  Use: Potion            |     1 |       ||     1
       Scroll            |     2 |     2 ||     4
 Stab: Sleeping          |     4 |       ||     4
Armor: Robe              |     5 |       ||     5
       Scale mail        |     8 |       ||     8
       Chain mail        |    28 |    17 ||    45
Dodge: Dodged            |    38 |    17 ||    55
Block: Other             |     5 |    15 ||    20
       Reflection        |     1 |       ||     1

Table legend: (Time is in decaauts)
 A = Elapsed time spent in this place.
 B = Non-inter-level travel time spent in this place.
 C = Inter-level travel time spent in this place.
 D = Time resting spent in this place.
 E = Time spent auto-exploring this place.
 F = Levels seen in this place.
 G = Mean time per level.
                   A        B        C        D        E       F      G
               +--------+--------+--------+--------+--------+-----+--------+
         Total |   3222 |   3199 |     23 |    683 |   1934 |   3 | 1074.0 |
       Dungeon |   3222 |   3199 |     23 |    683 |   1934 |   3 | 1074.0 |
               +--------+--------+--------+--------+--------+-----+--------+

Top non-repeatable levels by time:
     D:2: 1771 daAuts
     D:3: 801 daAuts
     D:1: 650 daAuts
